 Dungeon Crawl Stone Soup version 0.20-a0-495-g2241292 (webtiles) character file.

812 Duffy the Chopper (level 7, -8/44 HPs)
             Began as a Gargoyle Fighter on Jan 18, 2017.
             Killed by divine providence
             ... invoked by an orc priest
              (11 damage)
             ... on level 6 of the Dungeon.
             The game lasted 00:01:35 (1116 turns).

Duffy the Chopper (Gargoyle Fighter)                Turns: 1116, Time: 00:01:36

Health: -8/44      AC: 11    Str: 22    XL:     7   Next: 93%
Magic:  7/7        EV:  7    Int:  8    God:
Gold:   43         SH: 13    Dex:  9    Spells: 6/6 levels left

rFire    . . .     SeeInvis .   a - +0 war axe
rCold    . . .     Gourm    .   b - +0 scale mail
rNeg     + . .     Faith    .   c - +0 shield
rPois    ∞         Spirit   .   (no helmet)
rElec    +         Reflect  +   (no cloak)
rCorr    .         Harm     .   (no gloves)
MR       .....                  (no boots)
Stlth    ..........             k - +4 amulet of reflection
Regen    0.2/turn               (no ring)
                                (no ring)

@: flying, slowed, very slow
A: negative energy resistance 1, electricity resistance, unbreathing,
petrification resistance, rot immunity, AC +4
a: no special abilities


You were on level 6 of the Dungeon.
You were not hungry.

You visited 1 branch of the dungeon, and saw 4 of its levels.
You also visited: Sewer.

You collected 43 gold pieces.

Inventory:

Hand Weapons
 a - a +0 war axe (weapon)
Armour
 b - a +0 scale mail (worn)
 c - a +0 shield (worn)
Jewellery
 k - a +4 amulet of reflection (around neck)
Scrolls
 g - a scroll of identify {unknown}
 j - a scroll of remove curse {unknown}
Potions
 d - a potion of heal wounds {unknown}
 e - a potion of haste {unknown}
 h - a potion of flight
 l - a potion of ambrosia {unknown}
 m - a potion of curing {unknown}
Comestibles
 f - a bread ration
 i - a slice of pizza


   Skills:
 + Level 4.5 Fighting
 + Level 7.6 Axes
 - Level 3.2 Armour
 - Level 3.2 Shields


You had 6 spell levels left.
You didn't know any spells.

Dungeon Overview and Level Annotations

Branches:
Dungeon (3/15)

Altars:


Innate Abilities, Weirdness & Mutations

You are resistant to torment.
Your stone body is resilient. (AC +4)
You are immune to poison.
You resist negative energy. (rN+)
You are resistant to electric shocks. (rElec)
You can survive without breathing.
You are immune to petrification.
You are immune to rotting.


Message History

The orc wizard hits you but does no damage.
The orc priest calls down the wrath of Beogh upon you.
Pain shoots through your body! You block the orc wizard's attack.
The orc priest invokes the aid of Beogh against you.
Beogh smites you!
Your shield and scale mail prevent you from hitting the orc priest.
The orc priest is almost dead.
You miss the orc wizard. You block the orc wizard's attack.
The orc priest hits you but does no damage.
The orc wizard hits you but does no damage.
The orc wizard casts a spell.
The orc wizard flickers and vanishes!
Deactivating autopickup; reactivate with Ctrl-A.
It was a potion of flight.
You feel very buoyant.
You fly up into the air.
You block the orc priest's attack.
The orc wizard hits you but does no damage.
The orc priest calls down the wrath of Beogh upon you.
Beogh smites you!
You die...

##...##
#......##.#
#.....#
#......##..
#.....##
#.....[####
#......#
#......#
#######~.#
###.####
~~.~~~~~~#
#.#
~~~~~~~.##
#.# #########
#o#######.
~~~~~~##
#.@o{.....
~...%..##
#(###o....
~~~~~~..#
#..%%...0....
######..#
##.#.###.#((#
~~~~~~~~#
###..
~~~~~.~## #..
######## #.##
..#.#.# #.#
......# ...


You could see an orc priest and 2 orc wizards.

Vanquished Creatures
  The ghost of anet the Magician, a novice DEWz (D:6)
  A sky beast (D:6)
  A big kobold (Sewer)
  3 bullfrogs (D:6)
  A crimson imp (D:6)
  A hound (D:6)
  An iguana (D:6)
  A river rat (Sewer)
  A shadow imp (D:6)
  A worm (D:3)
  3 leopard geckos (D:6)
  2 orcs (D:6)
  2 giant cockroaches (D:6)
  A goblin (D:1)
  A hobgoblin (D:3)
  A ball python (D:2)
  4 kobolds
  A leopard gecko zombie (D:6)
  4 rats
31 creatures vanquished.

Notes
Turn   | Place    | Note
-------+----------+-------------------------------------------
     0 | D:1      | Duffy the Gargoyle Fighter began the quest for the Orb.
     0 | D:1      | Reached XP level 1. HP: 14/14 MP: 1/1
   103 | D:2      | Reached skill level 2 in Axes
   152 | D:3      | Reached XP level 2. HP: 19/19 MP: 2/2
   169 | D:3      | You fall through a shaft for 3 floors!
   269 | D:6      | Reached skill level 3 in Axes
   269 | D:6      | Reached XP level 3. HP: 23/23 MP: 3/3
   334 | D:6      | Found a glowing drain.
   336 | D:6      | Noticed anet's ghost (novice DEWz)
   355 | Sewer    | Entered a sewer
   360 | Sewer    | Reached XP level 4. HP: 12/28 MP: 4/4
   585 | Sewer    | Noticed a big kobold
   599 | Sewer    | Killed a big kobold
   599 | Sewer    | Reached skill level 4 in Axes
   599 | Sewer    | Reached XP level 5. HP: 26/32 MP: 5/5
   671 | Sewer    | Found a glowing silver altar of Zin.
   739 | D:6      | Killed anet's ghost
   739 | D:6      | Reached skill level 6 in Axes
   739 | D:6      | Reached XP level 6. HP: 31/37 MP: 6/6
   739 | D:6      | Reached XP level 7. HP: 35/41 MP: 7/7
   854 | D:6      | Reached skill level 7 in Axes
  1114 | D:6      | HP: 2/44 [orc priest/divine providence (14)]
  1116 | D:6      | Killed from afar by an orc priest

Vault maps used:
D:1:      elethiomel_arrival_infinity_welcomes_careful_drivers,
          serial_co_window_serial, co_window_paths_b, co_window_paths_b,
          co_window_corner_a, co_window_paths_b, co_window_corner_a,
          co_window_of_opportunity_c, co_window_of_opportunity_b,
          co_window_broadway_c, co_window_paths_e, co_window_4corner_a,
          glass_columns_b, glass_columns_c, serial_park_tiny_2,
          minmay_misc_feat_diagonals
D:2:      elyvilon_altar_5
D:3:      first_bread
D:6:      gup_sewer_entry_pipe
Sewer:    sewer_kobolds

Skill      XL: |  1  2  3  4  5  6  7 |
---------------+----------------------+-----
Axes           | 2 3 4 6 7 |  7.6
Fighting       | 4 |  4.5
Armour         | |  3.2
Shields        | |  3.2

Action                   |  1- 3 |  4- 6 |  7- 9 || total
-------------------------+-------+-------+-------++-------
Melee: War axe           |    54 |    44 |    52 ||   150
  Use: Potion            |     1 |       |     1 ||     2
  Eat: Chunk             |       |       |     1 ||     1
Armor: Scale mail        |    24 |    19 |    36 ||    79
Dodge: Dodged            |    12 |    11 |    11 ||    34
Block: Shield            |    31 |    30 |    42 ||   103
       Reflection        |       |     1 |     3 ||     4
